 Dungeon Crawl Stone Soup version 0.32-a0-893-gf85d74f360 (webtiles) character file.

Game seed: 5529344292591319507

29 Biggs the Slasher (level 3, 0/27 HPs)
             Began as a Coglin Gladiator on Apr 4, 2024.
             Killed by divine providence
             ... invoked by an orc priest
              (11 damage)
             ... on level 2 of the Dungeon.
             The game lasted 00:01:41 (875 turns).

Biggs the Slasher (Coglin Gladiator)                 Turns: 875, Time: 00:01:41

Health: 0/27       AC:  4    Str: 14    XL:     3   Next: 16%
Magic:  3/3        EV: 11    Int:  7    God:
Gold:   20         SH:  0    Dex: 17    Spells: 2/2 levels left

rFire   . . .        a - +0 long sword {Etsuko}
rCold   . . .        m - +0 scimitar {Byeongho}
rNeg    . . .        b - +0 leather armour
rPois   .            c - +0 helmet
rElec   .            (no cloak)
rCorr   .            (no gloves)
SInv    .            (no boots)
Will    .....        (amulet unavailable)
Stlth   +            (ring unavailable)
HPRegen 0.24/turn    (ring unavailable)
MPRegen 0.08/turn    (no gizmo)

%: no passive effects
@: no status effects
A: off-hand wielding, slow wielding, warmup strikes, no jewellery
a: Invent Gizmo, Convert to Beogh


You were on level 2 of the Dungeon.
You visited 1 branch of the dungeon, and saw 2 of its levels.

You collected 46 gold pieces.
You spent 26 gold pieces at shops.

Inventory:

Hand Weapons
 a - a +0 long sword (weapon) {Etsuko}
 f - a +0 dagger {Arsinoe}
 m - a +0 scimitar (offhand) {Byeongho}
Missiles
 d - 3 throwing nets (quivered)
 e - a javelin
Armour
 b - a +0 leather armour (worn)
 c - a +0 helmet (worn)
Scrolls
 h - a scroll of vulnerability {unknown}
 i - a scroll of brand weapon {unknown}
 k - a scroll of identify {unknown}
 l - a scroll of torment {unknown}
 n - a scroll of blinking {unknown}
Potions
 g - a potion of brilliance {unknown}
 j - a potion of lignification {unknown}
 o - a potion of curing {unknown}
 p - a potion of enlightenment {unknown}


   Skills:
 - Level 2.0 Fighting
 + Level 4.2 Long Blades
 - Level 1.7 Throwing
 - Level 2.6 Dodging


You had 2 spell levels left.
You didn't know any spells.
Your spell library was empty.

Dungeon Overview and Level Annotations

Branches:
Dungeon (2/15)

Altars:

Shops:
D:2 *


Innate Abilities, Weirdness & Mutations

You can wield a second weapon in your off-hand.
It takes a long time for you to wield or remove held weapons.
Your first few attacks do less damage.
You cannot equip rings or amulets.


Message History

You slash the hobgoblin with your +0 scimitar!
You kill the hobgoblin!
o - a bubbling clear potion Key pressed, stopping explore.
p - a sedimented dark potion Key pressed, stopping explore.
Key pressed, stopping explore.
Found a stone staircase leading down.
An endoplasm comes into view.
There is a stone staircase leading down here.
An endoplasm is nearby!
The endoplasm quivers.
The endoplasm hits you but does no damage.
You slash the endoplasm with your +0 scimitar!
You kill the endoplasm!
No target in view!
Found a stone staircase leading down.
A hobgoblin comes into view.
A hobgoblin is nearby!
A hobgoblin is nearby!
The hobgoblin misses you.
You barely miss the hobgoblin with your +0 long sword.
You slash the hobgoblin with your +0 scimitar!
You kill the hobgoblin!
No target in view!
No target in view!
An orc priest comes into view. It is wielding a +0 club.
Found an escape hatch in the ceiling.
The orc priest shouts!
You hear a shout!
The orc priest calls down the wrath of Beogh upon you.
Beogh smites you!
Ouch! That really hurt!
You hear a shout! x2
The orc priest shouts, "The Pantheon deserves no one's loyalty.
Let us show you the true path!" (press Y on the ability menu to convert to Beogh)
You see here a hobgoblin corpse.
Unknown command.
The orc priest mumbles some strange prayers to Beogh against you.
Beogh smites you!
You die...

..## #.##
####...#
..###..###....###
#.#....>...####
#...##.##### #..#
#.# #.>###.#
#...##.#
#.###†#.##.#
#o<.@.#.##.#
#..#####..#.# #
##.#.# #...#
##..# #..# #..#
##.# ###


You could see an orc priest.

Vanquished Creatures
  2 ball pythons (D:1)
  A bat (D:1)
  2 endoplasms (D:2)
  3 giant cockroaches (D:1)
  2 goblins
  2 hobgoblins (D:2)
  2 jackals (D:2)
  2 quokkas (D:1)
  3 frilled lizards
  2 kobolds (D:1)
  4 rats
25 creatures vanquished.

Notes
Turn   | Place    | Note
-------+----------+-------------------------------------------
     0 | D:1      | Biggs the Coglin Gladiator began the quest for the Orb.
     0 | D:1      | Reached XP level 1. HP: 16/16 MP: 1/1
   221 | D:1      | Reached XP level 2. HP: 22/22 MP: 2/2
   733 | D:2      | Reached skill level 4 in Long Blades
   757 | D:2      | Found Heofuc's Assorted Antiques.
   761 | D:2      | Bought a scroll labelled EVVIUTU JUGETU for 26 gold pieces
   766 | D:2      | Reached XP level 3. HP: 27/27 MP: 3/3
   875 | D:2      | Killed from afar by an orc priest

Illustrated notes

Levels and vault maps discovered:
D:1:      ncdulo_watergridlock, layout_rooms, serial_co_window_serial,
          co_window_cross_1, co_window_of_opportunity_a, co_window_paths_a,
          co_window_corner_a, co_window_paths_a, co_window_of_opportunity_a,
          co_window_paths_a, co_window_corner_ca, co_window_corner_b,
          co_window_2corner, co_window_cross_3, due_unseen_surprise
D:2:      layout_rooms, serial_shops, nicolae_shop_pleasant_corner_grove,
          fountainhead

Skill      XL: |  1  2 |
---------------+-------+-----
Long Blades    | 4 |  4.2
Fighting       | |  2.0
Throwing       | |  1.7
Dodging        | |  2.6

Action                     || total
---------------------------++-------
  Melee: Long sword        ||    37
         Dagger            ||    25
         Scimitar          ||     7
 Armour: Leather armour    ||    23
  Dodge: Dodged            ||    26

Table legend: (Time is in decaauts)
 A = Elapsed time spent in this place.
 B = Non-inter-level travel time spent in this place.
 C = Inter-level travel time spent in this place.
 D = Time resting spent in this place.
 E = Time spent auto-exploring this place.
 F = Levels seen in this place.
 G = Mean time per level.
                   A        B        C        D        E       F      G
               +--------+--------+--------+--------+--------+-----+--------+
         Total |    878 |    842 |     36 |      0 |    658 |   2 |  439.0 |
       Dungeon |    878 |    842 |     36 |      0 |    658 |   2 |  439.0 |
               +--------+--------+--------+--------+--------+-----+--------+

Top non-repeatable levels by time:
     D:1: 683 daAuts
     D:2: 195 daAuts
